 Dungeon Crawl Stone Soup version 0.31-a0-219-g8d62b2e7bb (webtiles) character file.

Game seed: 10279371195978493321

123546 Pooter the Severer (level 16, -1/140 (152) HPs)
             Began as a Minotaur Berserker on July 2, 2023.
             Was an Elder of Trog.
             Killed from afar by a hell knight (7 damage)
             ... with a bolt of fire
             ... on level 15 of the Dungeon on July 3, 2023.
             The game lasted 02:27:11 (44517 turns).

Pooter the Severer (Minotaur Berserker)            Turns: 44517, Time: 02:27:12

HP:   -1/140 (152)  AC: 17    Str: 32    XL:     16   Next: 37%
MP:   15/15         EV:  8    Int:  6    God:    Trog [****..]
Gold: 1             SH:  5    Dex: 12    Spells: 15/15 levels left

rFire   + + .        a - +3 executioner's axe (heavy)
rCold   + + .        (shield currently unavailable)
rNeg    . . .        V - +2 plate armour {rPois}
rPois   +            (helmet unavailable)
rElec   +            q - scarf {rC+ rF+}
rCorr   +            M - +0 pair of gloves
SInv    .            o - +0 pair of boots
Will    +++..        T - amulet of reflection Stlth
                     r - +4 ring of slaying
HPRegen 0.43/turn    X - +6 ring of strength
MPRegen 0.14/turn

%: reflection, clarity
@: mighty, resistant, on berserk cooldown, enlightened, flying, slowed, drained,
very slow
A: horns 3, retaliatory headbutt, clarity, strong-willed 1, noise suppression
a: Renounce Religion, Berserk, Trog's Hand, Brothers in Arms


You were on level 15 of the Dungeon.
You worshipped Trog.
Trog was greatly pleased with you.
You visited 3 branches of the dungeon, and saw 22 of its levels.
You also visited: Ossuary and Ice Cave.

You collected 3104 gold pieces.
You spent 3103 gold pieces at shops.

Inventory:

Hand Weapons
 a - a +3 heavy executioner's axe (weapon)
   (Trog gifted it to you on level 11 of the Dungeon)
 b - a +2 arbalest of draining
   (You found it on level 9 of the Dungeon)
 L - a +4 battleaxe of flaming
   (You took it off Urug on level 4 of the Lair of Beasts)
 W - a +4 halberd
   (You took it off a gnoll on level 10 of the Dungeon)
Missiles
 h - 11 javelins
 n - 17 boomerangs (quivered)
 v - 4 curare-tipped darts
 P - 3 boomerangs of dispersal {!f}
 Y - 7 atropa-tipped darts
Armour
 o - a +0 pair of boots (worn)
   (You found it on level 4 of the Dungeon)
 q - a scarf of resistance (worn)
   (You found it on level 4 of the Dungeon)
 M - a +0 pair of gloves (worn)
   (You found it on level 6 of the Dungeon)
 O - the +1 cloak "Paqana" {Harm Rampage rC++ Dex-4}
   (You bought it in a shop on level 8 of the Dungeon)

   Dex:       It affects your dexterity (-4).
   rC:        It greatly protects you from cold.
   Harm:      It increases damage dealt and taken.
   Rampage:   It bestows one free step when moving towards enemies.
 V - a +2 plate armour of poison resistance (worn)
   (You bought it in a shop on level 8 of the Dungeon)
Jewellery
 r - a +4 ring of slaying (left hand)
   (You bought it in a shop on level 12 of the Dungeon)
 x - the ring "Acrynoh" {Dex+5 SInv}
   (You bought it in a shop on level 12 of the Dungeon)

   [ring of see invisible]

   Dex:       It affects your dexterity (+5).
   SInv:      It lets you see invisible.
 C - a ring of resist corrosion
   (You found it on level 8 of the Dungeon)
 F - a ring of protection from fire
   (You found it in an ice cave)
 I - the ring "Muent" {rPois rC+}
   (You found it on level 3 of the Dungeon)

   [ring of poison resistance]

   rC:        It protects you from cold.
   rPois:     It protects you from poison.
 N - a ring of positive energy
   (You found it on level 9 of the Dungeon)
 T - an amulet of reflection (around neck)
   (You found it on level 10 of the Dungeon)
 U - a +5 ring of evasion
   (You found it on level 8 of the Dungeon)
 X - a +6 ring of strength (right hand)
   (You found it on level 6 of the Dungeon)
 Z - a ring of willpower
   (You found it on level 10 of the Dungeon)
Wands
 e - a wand of mindburst (11)
   (You found it on level 12 of the Dungeon)
 f - a wand of flame (41)
   (You took it off Eustachio on level 5 of the Dungeon)
 s - a wand of polymorph (21)
   (You found it on level 4 of the Dungeon)
 u - a wand of paralysis (9)
   (You found it on level 8 of the Dungeon)
 y - a wand of roots (10)
   (You found it on level 7 of the Dungeon)
 D - a wand of digging (12)
   (You took it off an orc on level 7 of the Dungeon)
 G - a wand of quicksilver (14)
   (You took it off Ijyb on level 5 of the Dungeon)
Scrolls
 g - a scroll of silence
 i - a scroll of identify {@r1}
 j - a scroll of fear
 k - 3 scrolls of poison {!r}
 l - 2 scrolls of fog
 t - 5 scrolls of teleportation {@r4}
 B - 4 scrolls of noise {!r}
 E - 9 scrolls of vulnerability {!r}
 Q - 2 scrolls of revelation
Potions
 c - 10 potions of attraction {!q}
 d - 7 potions of heal wounds {@q2}
 m - 3 potions of invisibility
 p - 4 potions of enlightenment
 w - 2 potions of haste {@q3}
 z - 4 potions of mutation {!q}
 H - 12 potions of curing {@q1}
 K - 5 potions of lignification {!q}
 R - 5 potions of might
 S - 9 potions of ambrosia
Miscellaneous
 A - a lightning rod (4/4) {!a}
   (You found it on level 2 of the Lair of Beasts)


   Skills:
 + Level 16.4 Fighting
 - Level 19.3(20.0) Axes
 - Level 8.4(15.0) Maces & Flails
 + Level 17.2 Ranged Weapons
 - Level 6.8 Armour
 - Level 2.1 Dodging
 - Level 6.9 Stealth
 + Level 8.4 Evocations


You had 15 spell levels left.
You didn't know any spells.
Your spell library was empty.

Dungeon Overview and Level Annotations

Branches:
Dungeon (15/15) Zot: 25071  Temple (0/1) D:7            Lair (5/5) D:10 Zot: 18649
  Swamp (0/4) Lair:2       Spider (0/4) Lair:2        Slime (0/5) Lair:5
    Orc (2/2) D:11 Zot: 2457     Elf (0/3) Orc:2        Vaults (0/5) D:13
 Depths (0/4) D:15        Ossuary (visited)           IceCv (visited)

Altars:
Cheibriados
Elyvilon
Fedhas
Okawaru
Qazlal
Sif Muna
Trog
Zin

Shops:
D:8 [   D:12 :(=   D:15 !   Orc:2 (:!(

Annotations:
D:14 2 transporters, Cicylist's ghost, journeyman FoFi; benadryl's ghost, journeyman MiBe


Innate Abilities, Weirdness & Mutations

You have a pair of large horns on your head.
You reflexively headbutt those who attack you in melee.
You possess an exceptional clarity of mind.
You are strong-willed. (Will+)
You passively dampen the noise of your surroundings.


Message History

You feel a strong urge to attack something.
The hell knight hits you with a +3 demon trident of draining.
* * * LOW HITPOINT WARNING * * *
You feel drained.
* * * LOW HITPOINT WARNING * * *
You hit the hell knight. You headbutt the hell knight!!
The hell knight hits you with a +3 demon trident of draining!!
* * * LOW HITPOINT WARNING * * *
You feel drained.
* * * LOW HITPOINT WARNING * * *
You slice the hell knight!! You headbutt the hell knight!
You open the hell knight like a pillowcase!!!
The hell knight calls down the wrath of its god upon you.
The bolt of fire misses you.
The hell knight invokes the aid of its god against you.
The bolt of fire hits you. You resist.
* * * LOW HITPOINT WARNING * * *
You slice the hell knight!!
You kill the hell knight!
Trog accepts your kill.
You slash the hell knight!
The hell knight hits you with a +4 great mace of flaming!!
* * * LOW HITPOINT WARNING * * *
The hell knight burns you.
* * * LOW HITPOINT WARNING * * *
You closely miss the hell knight. You headbutt the hell knight.
You kill the hell knight!
Trog accepts your kill.
You start resting.
A hell knight comes into view. It is wielding a +2 battleaxe.
You feel a strong urge to attack something.
The hell knight shouts!
Things that are here:
a +4 great mace of flaming; a +0 chain mail You are no longer berserk.
You are exhausted.
You feel yourself slow down. The hell knight barely misses you.
You furiously retaliate!
You headbutt the hell knight!
The hell knight invokes the aid of its god against you.
The bolt of fire hits you! You resist.
* * * LOW HITPOINT WARNING * * *
There is an escape hatch in the ceiling here.
You slice the hell knight like a ripe choko!!!!
You kill the hell knight!
Trog accepts your kill.
A hell knight comes into view. It is wielding a +1 battleaxe.
The hell knight calls down the wrath of its god upon you.
The bolt of fire hits you! You resist.
You die...

...#...#.....####(....)......#
...#...#.###.....(..........##
...#.≈.#.# #.#############..#
...#.≈.#.# #.#...........#..#
#..#.≈.#.# #.#.###≈≈≈###.#..#
#..#...#.# #.#?#)..)...# #..#
#..#...#.# #.≈.#)#####.# #..#
#..##+##.# #.≈.#.# # #.##
#..#...#.# #.≈.#@# #.#
#.##.#.#####.≈.#)# #.#
#.#.###.#....≈.#.# #.# ###.#
#.##...#.#.p #.# #.##
##.###.#.### #.# ##.#
#.###.#.. #.# #.##
##.##.#############.# #.##
##.##...............# #..#
#.......##.##########


You could see a hell knight.

Vanquished Creatures
  Frances (D:14)
  An orc warlord (Orc:1)
  A stone giant (D:15)
  Nessos (D:13)
  Snorg (D:14)
  Josephine (D:14)
  An ice dragon (IceCv)
  The ghost of particleface the Fighter, a journeyman FoDe of Okawaru (Lair:1)
  Fannar (Lair:3)
  8 vault guards (D:13)
  6 hydras
  3 catoblepae
  Erica (D:9)
  A death knight (D:15)
  2 two-headed ogres
  A merfolk aquamancer (D:12)
  9 centaur warriors
  5 boulder beetles
  8 death yaks
  Urug (Lair:4)
  3 orc high priests (Orc:2)
  4 hell knights (D:15)
  3 skysharks
  8 skeletal warriors
  Pikel (D:7)
  A wizard (D:13)
  2 deep elf pyromancers
  7 orc sorcerers (Orc:2)
  2 deep elf zephyrmancers
  7 orc knights
  8 cyclopes
  14 ugly things
  5 manticores
  16 elephants
  2 black mambas
  2 water nymphs (D:12)
  2 ice statues (IceCv)
  Psyche (D:11)
  A cane toad (shapeshifter) (D:8)
  6 cane toads
  A freezing wraith (D:14)
  5 kobold demonologists
  11 komodo dragons
  The ghost of porpoise the Shooter, a novice TeHu (D:6)
  2 tengu conjurers (D:15)
  11 rime drakes
  3 meliai (D:13)
  4 trolls
  A queen bee (D:13)
  9 polar bears
  2 tarantellas (shapeshifter) (D:15)
  6 hornets
  A raiju (shapeshifter) (D:15)
  4 dream sheep
  13 blink frogs
  15 slime creatures
  4 culicivoras (Lair:2)
  12 spriggans (Lair:5)
  6 wraiths
  Eustachio (D:5)
  A vampire (D:9)
  3 wyverns
  10 basilisks
  76 yaks
  2 fire bats
  3 steam dragons (D:8)
  8 vampire mosquitoes
  4 wargs
  15 water moccasins
  2 acid dragons
  7 hell hounds (D:15)
  A swamp drake (Lair:4)
  2 ice beasts
  26 orc warriors
  A sky beast (D:8)
  6 black bears
  4 boggarts (Lair:5)
  6 ogres
  16 centaurs
  23 wolves
  2 lemures (D:6)
  An elf zombie (Ossuary)
  6 kobold brigands
  14 bullfrogs
  3 gnoll sergeants
  6 scorpions
  7 wights
  28 killer bees
  A howler monkey (D:6)
  4 lindwurm simulacra (IceCv)
  4 komodo dragon simulacra (IceCv)
  3 hounds
  2 jellies (D:6)
  19 orc priests
  5 iguanas
  2 sleepcaps
  Ijyb (D:5)
  3 hell rats (D:10)
  23 orc wizards
  A troll simulacrum (D:11)
  3 hound zombies (Ossuary)
  5 mummies
  8 gnolls
  9 acid dragon simulacra (IceCv)
  8 adders
  A naga simulacrum (D:11)
  3 river rats (D:10)
  A shadow imp (D:8)
  2 white imps
  2 ufetubi
  4 steam dragon simulacra (IceCv)
  An adder zombie (Ossuary)
  4 worms
  A dart slug (D:1)
  106 orcs
  9 ball pythons
  3 bats
  6 endoplasms
  2 giant cockroaches (D:1)
  A gnoll zombie (Ossuary)
  5 goblins
  8 hobgoblins
  7 jackals
  6 quokkas
  2 frilled lizards (D:3)
  2 goblin zombies (Ossuary)
  2 hobgoblin zombies (Ossuary)
  2 jackal zombies (Ossuary)
  23 kobolds
  3 rats
851 creatures vanquished.

Vanquished Creatures (others)
  A dream sheep (Lair:4)
  An orc (Orc:2)
2 creatures vanquished.

Grand Total: 853 creatures vanquished

Notes
Turn   | Place    | Note
-------+----------+-------------------------------------------
     0 | D:1      | Pooter the Minotaur Berserker began the quest for the Orb.
     0 | D:1      | Reached XP level 1. HP: 19/19 MP: 0/0
   202 | D:1      | Reached XP level 2. HP: 26/27 MP: 1/1
   212 | D:1      | Reached skill level 4 in Axes
   287 | D:1      | Reached skill level 1 in Stealth
   782 | D:2      | Reached XP level 3. HP: 33/33 MP: 2/2
  1000 | D:2      | Reached ** piety under Trog
  1063 | D:2      | Reached XP level 4. HP: 24/40 MP: 3/3
  1518 | D:3      | Identified the ring "Muent" {rPois rC+}
  1944 | D:3      | Reached skill level 5 in Axes
  1948 | D:3      | Reached XP level 5. HP: 30/47 MP: 4/4
  2444 | D:4      | Reached XP level 6. HP: 46/55 MP: 5/5
  2495 | D:4      | Found a white marble altar of Elyvilon.
  2797 | D:5      | Entered Level 5 of the Dungeon
  2845 | D:5      | Reached skill level 6 in Axes
  2892 | D:5      | Reached skill level 5 in Fighting
  3074 | D:5      | Noticed Eustachio
  3088 | D:5      | Killed Eustachio
  3089 | D:5      | Reached XP level 7. HP: 51/61 MP: 6/6
  3256 | D:5      | Reached skill level 7 in Axes
  3339 | D:5      | Noticed Ijyb
  3348 | D:5      | Killed Ijyb
  3705 | D:6      | Reached skill level 5 in Stealth
  3823 | D:6      | Upgraded the game from 0.31-a0-214-gb37851dbb3 to
                  | 0.31-a0-217-g58bb5d79cf
  3838 | D:6      | Reached skill level 8 in Axes
  3838 | D:6      | Reached XP level 8. HP: 70/70 MP: 7/7
  3862 | D:6      | Noticed a troll
  3873 | D:6      | Killed a troll
  4183 | D:6      | Found a runed translucent door.
  4193 | D:6      | Noticed porpoise's ghost (novice TeHu)
  4203 | D:6      | Killed porpoise's ghost
  4204 | D:6      | Reached skill level 9 in Axes
  4821 | D:6      | Reached XP level 9. HP: 77/79 MP: 8/8
  4881 | D:6      | Reached *** piety under Trog
  5282 | D:6      | Reached skill level 10 in Axes
  5282 | D:6      | Reached skill level 1 in Ranged Weapons
  5409 | D:6      | Noticed a two-headed ogre
  5426 | D:6      | Killed a two-headed ogre
  5427 | D:6      | Reached skill level 11 in Axes
  5531 | D:6      | Identified the +0 leather armour of Xaddil {rF+ Int+6
                  | Dex-3}
  5598 | D:7      | Noticed Pikel
  5630 | D:7      | Killed Pikel
  5631 | D:7      | Reached skill level 5 in Ranged Weapons
  5631 | D:7      | Reached XP level 10. HP: 60/90 MP: 9/9
  6530 | D:7      | Found a blossoming altar of Fedhas.
  6906 | D:7      | Found a staircase to the Ecumenical Temple.
  6946 | D:7      | Reached skill level 12 in Axes
  7138 | D:8      | Found a sand-covered staircase.
  7146 | Ossuary  | Entered an ossuary
  7867 | D:8      | Noticed a boulder beetle
  7878 | D:8      | Killed a boulder beetle
  7932 | D:8      | Noticed a cane toad
  7940 | D:8      | Killed a cane toad
  7941 | D:8      | Reached skill level 13 in Axes
  8075 | D:8      | Noticed a manticore
  8084 | D:8      | Killed a manticore
  8086 | D:8      | Noticed a sixfirhy
  8216 | D:8      | Reached XP level 11. HP: 52/99 MP: 10/10
  8512 | D:8      | Found Ahopniwk's Antique Armour Shoppe.
  8969 | D:9      | Noticed Erica
  8977 | D:9      | Killed Erica
  8977 | D:9      | Noticed a two-headed ogre
  8978 | D:9      | Reached skill level 10 in Fighting
  8999 | D:8      | Killed a two-headed ogre
  9583 | D:9      | Found a bloodstained altar of Trog.
  9583 | D:9      | Found a snail-covered altar of Cheibriados.
  9588 | D:9      | Found a stormy altar of Qazlal.
  9594 | D:9      | Found a glowing silver altar of Zin.
  9600 | D:9      | Found an iron altar of Okawaru.
  9607 | D:9      | Found a shimmering blue altar of Sif Muna.
  9680 | D:10     | Entered Level 10 of the Dungeon
  9790 | D:10     | HP: 5/100 [poisoned by a gnoll sergeant]
 10110 | D:10     | Reached skill level 14 in Axes
 10289 | D:8      | Bought a glowing plate armour for 702 gold pieces
 10355 | D:10     | Noticed a death yak
 10356 | D:10     | Found a staircase to the Lair.
 10356 | D:10     | Noticed a death yak
 10356 | D:10     | Noticed a death yak
 10410 | D:9      | Killed a death yak
 10411 | D:9      | Killed a death yak
 10664 | D:10     | Killed a death yak
 10665 | D:10     | Reached skill level 10 in Ranged Weapons
 11331 | Lair:1   | Entered Level 1 of the Lair of Beasts
 11429 | Lair:1   | Reached skill level 15 in Axes
 11613 | Lair:1   | Found a runed translucent gate.
 11613 | Lair:1   | Found a runed translucent gate.
 11614 | Lair:1   | Found a runed translucent gate.
 11619 | Lair:1   | Noticed particleface's ghost (journeyman FoDe)
 11628 | Lair:1   | Killed particleface's ghost
 11629 | Lair:1   | Reached XP level 12. HP: 110/110 MP: 11/11
 12273 | Lair:1   | Noticed a seven-headed hydra
 12280 | Lair:1   | Killed a seven-headed hydra
 13026 | Lair:1   | Noticed a five-headed hydra
 13032 | Lair:1   | Reached skill level 16 in Axes
 13038 | Lair:1   | Killed a nine-headed hydra
 13387 | D:8      | Bought an ichor-stained cloak for 256 gold pieces
 13387 | D:8      | Identified the +1 cloak "Paqana" {Harm Rampage rC++ Dex-4}
                  | (You bought it in a shop on level 8 of the Dungeon)
 13724 | Lair:2   | Noticed a boulder beetle
 13743 | Lair:2   | Killed a boulder beetle
 13948 | Lair:2   | Noticed a six-headed hydra
 13956 | Lair:2   | Killed a six-headed hydra
 14197 | Lair:2   | Reached **** piety under Trog
 14230 | Lair:2   | Reached XP level 13. HP: 104/119 MP: 12/12
 15338 | Lair:2   | Gained mutation: You have hidden genetic defects. [potion
                  | of mutation]
 15338 | Lair:2   | Gained mutation: You are partially covered in iridescent
                  | scales. (AC +2) [potion of mutation]
 15338 | Lair:2   | Gained mutation: You have large cloven feet. [potion of
                  | mutation]
 15339 | Lair:2   | Lost mutation: You have hidden genetic defects. [potion of
                  | mutation]
 15339 | Lair:2   | Lost mutation: You are partially covered in iridescent
                  | scales. (AC +2) [potion of mutation]
 15339 | Lair:2   | Gained mutation: Your body sometimes deteriorates upon
                  | taking damage. [potion of mutation]
 15339 | Lair:2   | Gained mutation: You have hoof-like feet. [potion of
                  | mutation]
 15339 | Lair:2   | Gained mutation: You possess an exceptional clarity of
                  | mind. [potion of mutation]
 15340 | Lair:2   | Lost mutation: You have hoof-like feet. [potion of
                  | mutation]
 15340 | Lair:2   | Lost mutation: You have large cloven feet. [potion of
                  | mutation]
 15340 | Lair:2   | Lost mutation: Your body sometimes deteriorates upon taking
                  | damage. [potion of mutation]
 15340 | Lair:2   | Gained mutation: You have a pair of large horns on your
                  | head. [potion of mutation]
 15340 | Lair:2   | Gained mutation: You passively dampen the noise of your
                  | surroundings. [potion of mutation]
 15513 | Lair:2   | Found a hole to the Spider Nest.
 15717 | Lair:2   | Reached skill level 17 in Axes
 15942 | Lair:2   | Reached skill level 1 in Maces & Flails
 16254 | Lair:2   | Found a staircase to the Swamp.
 16941 | Lair:3   | Reached skill level 1 in Evocations
 17394 | Lair:3   | Noticed Fannar
 17412 | Lair:3   | Killed Fannar
 18495 | Lair:4   | Reached skill level 5 in Maces & Flails
 19022 | Lair:4   | Noticed Urug
 19031 | Lair:4   | Killed Urug
 19053 | Lair:4   | Reached skill level 5 in Armour
 19285 | Lair:5   | Entered Level 5 of the Lair of Beasts
 19303 | Lair:5   | Found a staircase to the Slime Pits.
 19555 | Lair:5   | Reached XP level 14. HP: 104/129 MP: 13/13
 21250 | Lair:5   | Reached ***** piety under Trog
 22748 | D:11     | Reached skill level 15 in Ranged Weapons
 22880 | D:11     | Noticed Psyche
 22896 | D:11     | Killed Psyche
 22929 | D:11     | Found a staircase to the Orcish Mines.
 22941 | D:11     | You fall into a shaft and drop 1 floor!
 23014 | D:11     | Found a frozen archway.
 23049 | IceCv    | Entered an ice cave
 24669 | D:11     | Received a gift from Trog
 25278 | D:12     | Found Hyne's Book Emporium.
 25369 | D:12     | Reached skill level 5 in Evocations
 25717 | D:12     | Found Luorafote's Antique Weapon Shop.
 25762 | D:12     | Reached skill level 18 in Axes
 25990 | D:12     | Found Ypteifen's Jewellery Emporium.
 26121 | D:12     | Bought the ring "Acrynoh" {Dex+5 SInv} for 455 gold pieces
 26174 | D:12     | Reached XP level 15. HP: 136/139 MP: 14/14
 26490 | Orc:1    | Entered Level 1 of the Orcish Mines
 29179 | Orc:2    | Entered Level 2 of the Orcish Mines
 29820 | Orc:2    | Upgraded the game from 0.31-a0-217-g58bb5d79cf to
                  | 0.31-a0-219-g8d62b2e7bb
 29863 | Orc:2    | Found a staircase to the Elven Halls.
 32951 | Orc:2    | Found Otel's Antique Weapon Emporium.
 32953 | Orc:2    | Gained mutation: You are strong-willed. (Will+) [a neqoxec]
 34857 | Orc:2    | Received a gift from Trog
 35522 | Orc:2    | Found Neryd's Book Emporium.
 35527 | Orc:2    | Found Gufaxupa's Antique Weapon Boutique.
 35578 | Orc:2    | Found Kusuem's Distillery.
 35586 | Orc:2    | Bought a potion of resistance for 130 gold pieces
 35586 | Orc:2    | Bought a potion of heal wounds for 65 gold pieces
 36049 | D:13     | Noticed Nessos
 36060 | D:13     | Killed Nessos
 37165 | D:13     | Reached skill level 19 in Axes
 37374 | D:13     | Reached skill level 15 in Fighting
 37441 | D:13     | Found a gate to the Vaults.
 38178 | D:13     | Found the +12 pair of quick blades "Gyre" and "Gimble"
                  | {protect}
 38273 | D:13     | Identified the +1 chain mail "Dyixtare" {rC+ Str+2 Stlth+}
 38951 | D:14     | Noticed Frances
 38959 | D:14     | Killed Frances
 39228 | D:14     | Reached XP level 16. HP: 104/150 MP: 15/15
 41168 | D:14     | Noticed benadryl's ghost (journeyman MiBe)
 41615 | D:14     | Noticed Josephine
 41620 | D:14     | Killed Josephine
 42193 | D:14     | Found a transporter.
 42197 | D:14     | Found a transporter.
 42201 | D:14     | Noticed Snorg
 42205 | D:14     | Killed Snorg
 42242 | D:14     | Noticed Cicylist's ghost (journeyman FoFi)
 42603 | D:15     | Entered Level 15 of the Dungeon
 42912 | D:15     | Found Jasoimua's Distillery.
 42926 | D:15     | Bought a potion of heal wounds for 65 gold pieces
 42926 | D:15     | Bought a potion of mutation for 104 gold pieces
 42926 | D:15     | Bought a potion of heal wounds for 65 gold pieces
 42926 | D:15     | Bought a potion of enlightenment for 65 gold pieces
 42926 | D:15     | Bought a potion of might for 52 gold pieces
 42926 | D:15     | Bought a potion of might for 52 gold pieces
 43279 | D:15     | Found a staircase to the Depths.
 44225 | D:12     | Bought a +4 ring of slaying for 1092 gold pieces
 44516 | D:15     | HP: 6/140 [hell knight/bolt of fire (8)]
 44517 | D:15     | Killed from afar by a hell knight

Illustrated notes

Levels and vault maps discovered:
D:1:      dpeg_arrival_another_circle, layout_loops_ring, minmay_tiny_reverse_x
D:2:      layout_rooms
D:3:      layout_loops_cross
D:4:      layout_rooms, mainiacjoe_overflow_alcove_4
D:5:      layout_basic, uniq_ijyb, uniq_eustachio
D:6:      minmay_bubble_buster, layout_cave_pods, ebering_ghost_reflecting_pool,
          nicolae_titane
D:7:      layout_basic, amcnicky_altar_gilded, minmay_temple_entry_hall,
          uniq_pikel
D:8:      minmay_curly_fans, layout_gridville, gup_ossuary_entry_pyramid,
          serial_shops, nicolae_shop_scrapyard, minmay_chambers_of_fives
D:9:      layout_rooms, nicolae_overflow_hallway_of_the_gods, uniq_erica
D:10:     layout_big_octagon, dpeg_lair_monsters
D:11:     layout_rooms, hiddenorc2_lemuel, portal_ice_cave_entry_ice_simulacra,
          chequers_serial_rivers_large_b, uniq_psyche
D:12:     layout_basic, serial_shops, bzr_entry_safe, shop, shop, shop,
          nicolae_splish_splash
D:13:     layout_gridville, erik_vaults_2, special_room [special_room_bee],
          bh_hangedman_babel_library, uniq_nessos
D:14:     layout_loops_cross, chequers_jeans, nzn_ghost_randoct, uniq_frances,
          uniq_josephine, uniq_snorg
D:15:     grunt_enter_depths_giant_problem, layout_long_grid, serial_shops,
          shop, grunt_decor_clamped, corexii_corridor_pit, drop_trap,
          minmay_rotating_lava
Lair:1:   layout_roguey, ebering_ghost_rock_garden,
          chequers_serial_rivers_marsh, minmay_shattered_shrine
Lair:2:   layout_small_grid, minmay_swamp_entry_worms,
          hellmonk_spider_entry_life_and_decay, minivault_23
Lair:3:   layout_layer_cave, uniq_fannar
Lair:4:   layout_roguey, hibernation_bobbens, grunt_megastairs_1, uniq_urug
Lair:5:   minmay_lair_end_enchanted_forest, layout_regular_city, slime_entry_1,
          nicolae_lair_grazing_beasts [nicolae_sub_lair_graze_edge,
          nicolae_sub_lair_graze_edge, nicolae_sub_lair_graze_edge,
          nicolae_sub_lair_graze_edge], infiniplex_staircase_pool_2
Orc:1:    layout_diamond_mine
Orc:2:    st_orc_elflike, layout_caves, gauntlet_entry_generic,
          minmay_orc_barracks

Skill      XL: |  1  2  3  4  5  6  7  8  9 10 11 12 13 14 15 16 |
---------------+-------------------------------------------------+-----
Axes           | 4 5 6 8 9 11 13 15 16 17 18 19 | 19.3
Stealth        | 1 2 3 4 5 6 |  6.9
Fighting       | 4 5 6 7 8 9 11 12 13 14 15 16 | 16.4
Ranged Weapons | 5 8 10 12 14 15 16 17 | 17.2
Maces & Flails | 6 8 |  8.4
Armour         | 5 6 |  6.8
Evocations     | 3 5 7 8 |  8.4
Dodging        | |  2.1

Action                     |  1- 3 |  4- 6 |  7- 9 | 10-12 | 13-15 | 16-18 || total
---------------------------+-------+-------+-------+-------+-------+-------++-------
  Melee: Hand axe          |    67 |    49 |       |       |       |       ||   116
         Headbutt          |     6 |    18 |    16 |    80 |   114 |    25 ||   259
         Punch             |       |     2 |     1 |       |       |       ||     3
         Morningstar       |       |    22 |    90 |    52 |       |       ||   164
         War axe           |       |    38 |    33 |   122 |    51 |       ||   244
         Dire flail        |       |       |       |   255 |   109 |       ||   364
         Battleaxe         |       |       |       |       |   247 |       ||   247
         Executioner's axe |       |       |       |       |   195 |    75 ||   270
         Halberd           |       |       |       |       |       |    11 ||    11
   Fire: Shortbow          |       |       |    11 |    68 |       |       ||    79
         Arbalest          |       |       |       |    84 |   672 |    81 ||   837
  Throw: Boomerang         |       |       |    11 |     3 |     2 |       ||    16
 Invoke: Berserk           |       |     3 |     6 |    14 |    12 |     3 ||    38
         Trog's Hand       |       |     2 |     5 |    17 |    33 |     3 ||    60
  Evoke: Wand              |       |       |     3 |     4 |     7 |       ||    14
         Lightning rod     |       |       |       |       |     8 |       ||     8
    Use: Scroll            |     3 |     1 |     2 |    19 |    20 |     2 ||    47
         Potion            |       |       |       |       |     8 |     4 ||    12
   Stab: Sleeping          |       |     4 |     1 |       |       |       ||     5
         Petrified         |       |       |       |       |     2 |       ||     2
         Paralysed         |       |       |       |       |     2 |       ||     2
 Armour: Animal skin       |     6 |    27 |       |       |       |       ||    33
         Leather armour    |       |       |    17 |       |       |       ||    17
         Chain mail        |       |       |    37 |   143 |       |       ||   180
         Plate armour      |       |       |       |    97 |   407 |    42 ||   546
  Dodge: Dodged            |    44 |    80 |    83 |   268 |   305 |    38 ||   818
  Block: Other             |       |       |       |    40 |   155 |    19 ||   214
         Reflection        |       |       |       |       |    22 |     3 ||    25

Table legend: (Time is in decaauts)
 A = Elapsed time spent in this place.
 B = Non-inter-level travel time spent in this place.
 C = Inter-level travel time spent in this place.
 D = Time resting spent in this place.
 E = Time spent auto-exploring this place.
 F = Levels seen in this place.
 G = Mean time per level.
                   A        B        C        D        E       F      G
               +--------+--------+--------+--------+--------+-----+--------+
         Total |  45202 |  43869 |   1333 |  22644 |  15439 |  24 | 1883.4 |
       Dungeon |  22619 |  21669 |    950 |   8468 |   9836 |  15 | 1507.9 |
          Lair |  11350 |  11067 |    283 |   5159 |   4409 |   5 | 2270.0 |
  Orcish Mines |   9542 |   9443 |     99 |   8006 |    822 |   2 | 4771.0 |
       Ossuary |    239 |    239 |      0 |      0 |    155 |   1 |  239.0 |
      Ice Cave |   1450 |   1450 |      0 |   1009 |    217 |   1 | 1450.0 |
               +--------+--------+--------+--------+--------+-----+--------+

Top non-repeatable levels by time:
   Orc:2: 4991 daAuts
   Orc:1: 4551 daAuts
    D:13: 3413 daAuts
  Lair:5: 3408 daAuts
    D:14: 2701 daAuts
  Lair:2: 2667 daAuts
    D:12: 2333 daAuts
  Lair:1: 2314 daAuts
     D:6: 1981 daAuts
     D:8: 1726 daAuts
    D:15: 1704 daAuts
  Lair:4: 1545 daAuts
     D:7: 1529 daAuts
   IceCv: 1450 daAuts
  Lair:3: 1414 daAuts
